 Dungeon Crawl Stone Soup version 0.14.1-9-g552248a (webtiles) character file.

721 Heini the Chopper (level 7, -5/61 HPs)
             Began as a Hill Orc Fighter on May 5, 2014.
             Slain by Pikel
             ... wielding a +2,+1 whip of electrocution
              (23 damage)
             ... on Level 4 of the Dungeon on May 22, 2014.
             The game lasted 00:17:33 (3847 turns).

Heini the Chopper (Hill Orc Fighter)                Turns: 3847, Time: 00:17:34

HP  -5/61        AC 11     Str 21      XL: 7   Next: 33%
MP   7/7         EV  5     Int  8      God:
Gold 154         SH 18     Dex 10      Spells:  0 memorised,  6 levels left

rFire  . . .     SeeInvis .     a - +1,+0 war axe
rCold  . . .     Clarity  .     j - +1 chain mail
rNeg   . . .     Conserve .     c - +0 shield (curse)
rPois  .         rCorr    .     (no helmet)
rElec  .         rRot     .     (no cloak)
SustAb . .       Spirit   .     (no gloves)
rMut   .         Warding  .     (no boots)
Saprov + . .     Stasis   .     (no amulet)
MR     .....                    (no ring)
                                (no ring)

@: not resistant to hostile enchantments, extremely unstealthy
A: saprovore 1
a: no special abilities


You were on level 4 of the Dungeon.
You were hungry.

You visited 2 branches of the dungeon, and saw 5 of its levels.
You also visited: Ossuary.

You collected 154 gold pieces.

Inventory:

Hand weapons
 a - a +1,+0 war axe (weapon)
Armour
 c - a cursed +0 shield (worn)
 j - a +1 chain mail (worn)
Comestibles
 b - a chunk of goblin flesh
 d - 2 meat rations
 i - 3 bread rations
 q - a choko
 r - 13 sultanas
Scrolls
 n - 2 scrolls of remove curse
 o - a scroll of identify
 p - a scroll of fog {unknown}
 s - a scroll of teleportation {unknown}
 u - 3 scrolls of random uselessness {unknown}
Jewellery
 l - an uncursed amulet of stasis
Potions
 e - 4 potions of might
 f - a potion of heal wounds {unknown}
 g - 6 potions of haste
 h - a potion of restore abilities {unknown}
 k - 2 potions of agility
 m - 6 potions of curing
 v - a potion of paralysis {unknown}


   Skills:
 * Level 5.4 Fighting
 * Level 6.8 Axes
 * Level 6.2 Armour
 - Level 3.2 Shields


You had 6 spell levels left.
You didn't know any spells.

Dungeon Overview and Level Annotations

Branches:
Dungeon (4/15)             Temple (1/1) D:4

Altars:
Dithmenos
Elyvilon
Fedhas
Makhleb
Sif Muna
Vehumet
Xom
Zin
The Shining One

Annotations:
D:4 Pikel


Innate Abilities, Weirdness & Mutations

You can tolerate rotten meat.


Message History

The slave hits you but does no damage.
Your shield and chain mail prevent you from hitting the slave. x2
The slave is lightly wounded.
The slave closely misses you. You block Pikel's attack.
The slave hits you but does no damage.
You see here a dagger.
You see here a dazzling dagger.
The slave hits you but does no damage. The slave hits you but does no damage.
The slave hits you but does no damage.
Pikel says, "Slavery isn't that bad."
You are feeling hungry.
You closely miss Pikel. Pikel hits you with a glowing whip.
You are electrocuted!
Pikel hits you but does no damage.
You are electrocuted!
* * * LOW HITPOINT WARNING * * *
You hit Pikel.
Pikel is lightly wounded.
Pikel hits you but does no damage.
You are electrocuted!
You die...

#.........# ######.........#
#..............# #[.#.##........#
#.#............# #..............#
# #.....#........# ##
#.##@@#........###.
#.@K@..........##.#
######.........#.§§
#.........##.#
####################.........###§
..)..........................)>§#
..............................)..
...............................>.
.................................
......>.......................(..


You could see Pikel and 3 slaves.

Vanquished Creatures
  An ogre (D:4)
  2 scorpions
  A centaur zombie (Ossuary)
  3 worker ants
  2 big kobold zombies (Ossuary)
  Ijyb (D:4)
  2 mummies (Ossuary)
  9 adders
  An inept feature mimic (D:2)
  3 worms
  3 giant geckos
  3 oozes
  2 orcs (D:3)
  3 ball pythons
  5 giant cockroaches
  11 goblins
  12 hobgoblins
  4 jackals
  8 kobolds
  8 bats
  2 giant newts
  A gnoll zombie (Ossuary)
  A goblin zombie (Ossuary)
  2 hobgoblin zombies (Ossuary)
  A kobold zombie (Ossuary)
  A quokka (D:4)
  3 rats
95 creatures vanquished.

Notes
Turn   | Place    | Note
--------------------------------------------------------------
     0 | D:1      | Heini, the Hill Orc Fighter, began the quest for the Orb.
     0 | D:1      | Reached XP level 1. HP: 19/19 MP: 1/1
    43 | D:1      | Reached XP level 2. HP: 27/27 MP: 2/2
    99 | D:1      | Reached skill level 4 in Fighting
   165 | D:1      | Upgraded the game from 0.14.1-1-g650416f to 0.14.1-9-g552248a
   609 | D:2      | Reached XP level 3. HP: 20/33 MP: 3/3
  1157 | D:3      | Reached XP level 4. HP: 28/41 MP: 4/4
  1953 | D:3      | Reached XP level 5. HP: 33/47 MP: 5/5
  2441 | D:3      | Reached skill level 5 in Axes
  2441 | D:3      | Reached skill level 5 in Armour
  2625 | D:3      | Noticed a scorpion
  2634 | D:3      | Killed a scorpion
  2634 | D:3      | Reached skill level 5 in Fighting
  2634 | D:3      | Reached XP level 6. HP: 50/56 MP: 6/6
  2841 | D:4      | Noticed Ijyb
  2849 | D:4      | Killed Ijyb
  2883 | D:4      | Found a staircase to the Ecumenical Temple.
  2892 | D:4      | Found a shadowy altar of Dithmenos.
  2895 | Temple   | Entered the Ecumenical Temple
  3127 | D:4      | Reached skill level 6 in Axes
  3213 | D:4      | Reached XP level 7. HP: 45/61 MP: 7/7
  3253 | D:4      | Found a sand-covered staircase.
  3261 | Ossuary  | Entered an ossuary
  3803 | D:4      | Noticed Pikel
  3847 | D:4      | Slain by Pikel

Action                   |  1- 3 |  4- 6 |  7- 9 || total
-------------------------+-------+-------+-------++-------
Melee: War axe           |   118 |   187 |    82 ||   387
  Use: Scroll            |     1 |     5 |     3 ||     9
